 Dungeon Crawl Stone Soup version 0.26.0-41-g79a4fc7684 (webtiles) character file.

Game seed: 3422405743209858272

70 Gauvater the Firebug (level 4, -3/27 HPs)
             Began as an Octopode Fire Elementalist on Jan 26, 2021.
             Slain by a wyvern zombie (13 damage)
             ... on level 3 of the Dungeon.
             The game lasted 00:08:56 (2958 turns).

Gauvater the Firebug (Octopode Fire Elementalist)   Turns: 2958, Time: 00:09:11

Health: -3/27      AC:  1    Str:  7    XL:     4   Next: 21%
Magic:  7/8        EV: 13    Int: 18    God:
Gold:   169        SH:  0    Dex: 12    Spells: 7/8 levels left

rFire    . . .     SeeInvis .   d - +3 dagger
rCold    . . .     Faith    .   (no shield)
rNeg     . . .     Spirit   .   (helmet restricted)
rPois    .         Reflect  .   g - amulet of magic regeneration
rElec    .         Harm     .   (no ring)
rCorr    .         Rampage  .   (no ring)
Will     .....                  (no ring)
Stlth    +++.......             (no ring)
HPRegen  0.09/turn              (no ring)
MPRegen  0.36/turn              (no ring)
                                (no ring)
                                (no ring)

@: no status effects
A: almost no armour, stealthy swim, amphibious, 8 rings, constrict 8, camouflage
1, gelatinous body 1
a: no special abilities


You were on level 3 of the Dungeon.
You visited 1 branch of the dungeon, and saw 3 of its levels.

You collected 169 gold pieces.

Inventory:

Hand Weapons
 d - a +3 dagger (weapon)
 v - a +0 spear
 x - a +0 war axe
 y - a +0 quarterstaff
Missiles
 c - 87 stones
 f - 37 poisoned darts
 p - 11 bolts
 r - 12 sling bullets
 t - 48 arrows
Armour
 B - a +0 kite shield
Jewellery
 g - an amulet of magic regeneration (around mantle)
 C - a cursed amulet of inaccuracy {unknown}
Scrolls
 b - a scroll of immolation {unknown}
 h - 4 scrolls of enchant armour {unknown}
 i - 2 scrolls of magic mapping {unknown}
 k - a scroll of enchant weapon {unknown}
 l - 2 scrolls of fog {unknown}
 n - 4 scrolls of identify {unknown}
 s - a scroll of remove curse {unknown}
Potions
 a - a potion of might {unknown}
 e - 2 potions of heal wounds {unknown}
 j - a potion of invisibility {unknown}
 m - 2 potions of lignification {unknown}
 o - a potion of haste {unknown}
 q - a potion of flight {unknown}
 u - a potion of cancellation {unknown}
 w - a potion of degeneration {unknown}
 z - a potion of ambrosia {unknown}
 A - a potion of resistance {unknown}


   Skills:
 + Level 0.2 Fighting
 + Level 2.4 Dodging
 + Level 3.0 Stealth
 + Level 2.8 Spellcasting
 + Level 1.5 Conjurations
 + Level 3.7 Fire Magic


You had 7 spell levels left.
You knew the following spells:

 Your Spells              Type           Power        Failure   Level
a - Foxfire               Conj/Fire      44%          6%          1

Your spell library contained the following spells:

 Spells                   Type           Power        Failure   Level
 Conjure Flame            Conj/Fire      11%          17%         3
 Inner Flame              Hex/Fire       9%           24%         3
 Sticky Flame             Conj/Fire      11%          50%         4
 Fireball                 Conj/Fire      5%           85%         5


Dungeon Overview and Level Annotations

Branches:
Dungeon (3/15)

Altars:
Nemelex Xobeh
Uskayaw
The Shining One


Innate Abilities, Weirdness & Mutations

You cannot wear most types of armour.
You are very stealthy in the water. (Stealth+)
You are amphibious.
You can wear up to eight rings at the same time.
You can use your tentacles to constrict eight enemies at once.
Your skin changes colour to match your surroundings (Stealth+).
Your rubbery body absorbs attacks. (AC +1, EV +1)


Message History

You conjure some foxfire!
The wyvern zombie bites you.
You barely miss the wyvern zombie. Your squeeze misses the wyvern zombie.
The wyvern zombie is severely damaged.
The foxfire hits the wyvern zombie but does no damage.
The wyvern zombie is severely damaged.
The foxfire hits the wyvern zombie.
The wyvern zombie is severely damaged.
The wyvern zombie bites you.
Casting: Foxfire (safe; 6% risk of failure)
Confirm with . or Enter, or press ? or * to list all spells.
You conjure some foxfire!
The wyvern zombie closely misses you. The wyvern zombie barely misses you.
You hit the wyvern zombie.
The wyvern zombie is severely damaged.
The foxfire hits the wyvern zombie.
The wyvern zombie is almost destroyed.
The foxfire hits the wyvern zombie.
The wyvern zombie is almost destroyed.
The wyvern zombie bites you!
You die...

#.)##....######
..#.#
...###........#
..#.# ..##
#...#....#
#.#.# ###
#...#....#
#.#.# ##
##..##...#
#.#.# .####
#..####.###.#.#
....#
##..........#.#
.....
##......ยง....#
.....
###.....@[###
#.### ####..Z.#
... ####.# ...
..# .. ...#
....# .###.# ..
#.# .. ..#


You could see a wyvern zombie.

Vanquished Creatures
  2 adders (D:3)
  An ooze (D:1)
  A dart slug (D:1)
  A leopard gecko (D:1)
  A ball python (D:3)
  2 giant cockroaches
  9 hobgoblins
  A jackal (D:2)
  5 kobolds
  2 quokkas (D:3)
  5 bats
  3 frilled lizards
  4 goblins
  A quokka zombie (D:3)
  5 rats
43 creatures vanquished.

Vanquished Creatures (others)
  110 foxfires
110 creatures vanquished.

Grand Total: 153 creatures vanquished

Notes
Turn   | Place    | Note
-------+----------+-------------------------------------------
     0 | D:1      | Gauvater the Octopode Fire Elementalist began the quest for
                  | the Orb.
     0 | D:1      | Reached XP level 1. HP: 11/11 MP: 3/3
     6 | D:1      | Noticed a black bear
     6 | D:1      | Noticed an anaconda
     6 | D:1      | Noticed a hog
     6 | D:1      | Noticed an iguana
   449 | D:1      | Reached XP level 2. HP: 17/17 MP: 3/5
   881 | D:1      | Reached XP level 3. HP: 21/21 MP: 4/6
  1358 | D:2      | Found a sparkling altar of Nemelex Xobeh.
  1398 | D:2      | Found a hide-covered altar of Uskayaw.
  1690 | D:2      | Found a glowing golden altar of the Shining One.
  2532 | D:3      | Reached XP level 4. HP: 23/27 MP: 6/8
  2958 | D:3      | Slain by a wyvern zombie

Illustrated notes

Levels and vault maps discovered:
D:1:      onia_arrival_zoo_common, layout_basic
D:2:      layout_loops_ring, eat_drink_and_be_merry_uskayaw,
          nemelex_xobeh_ov_fountains_minmay, nicolae_tso_swordbearing_angel
D:3:      minmay_recursive_quarters, layout_loops_ring

Skill      XL: |  1  2  3  4 |
---------------+-------------+-----
Stealth        | 3 |  3.0
Fighting       | |  0.2
Dodging        | |  2.4
Spellcasting   | |  2.8
Conjurations   | |  1.5
Fire Magic     | |  3.7

Action                   |  1- 3 |  4- 6 || total
-------------------------+-------+-------++-------
Melee: Unarmed           |    10 |       ||    10
       Constrict         |     9 |     2 ||    11
       Tentacles         |     5 |     1 ||     6
       Dagger            |    17 |    13 ||    30
 Cast: Foxfire           |    56 |    10 ||    66
  Use: Potion            |     1 |       ||     1
Armor: Skin              |     8 |       ||     8
Dodge: Dodged            |    48 |    10 ||    58
